AoeStats
← solojok97

Arabia

510150521Analyzed
1v1 RM · 2d ago on Sep 29, 2026· 34m 22s· 2 players
Game mode
Random Map
Map size
Tiny (2 player)
Population
200
Speed
Normal
Resources
Standard
Victory
Conquest
Starting age
Dark Age
Ending age
Imperial Age
RankedLock teamsTeams togetherTeam positionsShared explorationLock speedFull tech treeHidden civsTurbo modeCheats
Victory
Defeat
🇨🇳 Jurchens · China
670
+16
🇦🇷 Bohemians · Argentina
679
-37
Bu:)
12:09 Feudal Age
12:42 Double-Bit Axe
17:17 Horse Collar
19:39 Castle Age
18:21 Bloodlines
19:15 Forging
20:28 Husbandry
20:56 Bow Saw
22:24 Gold Mining
23:03 Loom
solojok97
8:48 Feudal Age
12:53 Double-Bit Axe
14:57 Horse Collar
20:46 Castle Age
21:43 Bow Saw
30:36 Wheelbarrow
Connection lost

Rejoining the realm…

Still unreachable

The connection could not be restored.

Session expired

The server has moved on; the page needs a fresh start.